 Dungeon Crawl Stone Soup version 0.25.1-2-g60ff931df9 (webtiles) character file.

Game seed: 10367806298335618531

10052 lepoulpe303 the Covert (level 11, -4/53 HPs)
             Began as a Spriggan Earth Elementalist on Aug 19, 2020.
             Was an Initiate of Gozag.
             Slain by a spiny frog (15 damage)
             ... on level 1 of the Lair of Beasts on Aug 20, 2020.
             The game lasted 01:06:44 (13569 turns).

lepoulpe303 the Covert (SpEE)                      Turns: 13569, Time: 01:06:45

Health: -4/53      AC:  5    Str: 10    XL:     11   Next: 31%
Magic:  24/24      EV: 25    Int: 20    God:    Gozag
Gold:   1971       SH:  0    Dex: 17    Spells: 4/27 levels left

rFire    . . .     SeeInvis +   a - +2 short sword (venom)
rCold    . . .     Gourm    .   (shield restricted)
rNeg     . . .     Faith    .   y - +2 robe {Archmagi}
rPois    .         Spirit   .   (helmet restricted)
rElec    .         Reflect  .   H - +0 cloak
rCorr    .         Harm     .   (gloves unavailable)
MR       +....                  (boots unavailable)
Stlth    ++++++....             (no amulet)
HPRegen  0.17/turn              o - ring of stealth {Stlth+}
MPRegen  0.19/turn              j - +6 ring of strength

@: very quick
A: very small, unfitting armour, see invisible, herbivore, speed 3, slow
metabolism 2
a: Potion Petition, Call Merchant, Bribe Branch, Renounce Religion


You were on level 1 of the Lair of Beasts.
You worshipped Gozag.
Gozag was most pleased with you.
You were not hungry.

You visited 3 branches of the dungeon, and saw 12 of its levels.

You collected 2055 gold pieces.
You paid 84 gold pieces to Gozag.

Inventory:

Hand Weapons
 a - a +2 short sword of venom (weapon)
 b - a +1 short sword of freezing
Missiles
 A - 3 throwing nets {=f}
 C - 11 poisoned darts
 Q - 99 stones (quivered)
Armour
 c - a +0 robe
 g - a +1 robe of positive energy {rN+}
 y - a +2 robe of the Archmagi (worn)
 B - +0 steam dragon scales
 H - a +0 cloak (worn)
Jewellery
 j - a +6 ring of strength (right hand)
 o - a ring of stealth (left hand) {Stlth+}
Wands
 u - a wand of acid (6)
 x - a wand of flame (16)
 D - a wand of digging (4)
 G - a wand of enslavement (13)
Scrolls
 f - 3 scrolls of fog
 i - 2 scrolls of identify
 m - 2 scrolls of amnesia
 p - a scroll of enchant weapon {unknown}
 r - a scroll of enchant armour {unknown}
 t - 6 scrolls of teleportation
 v - a scroll of random uselessness {unknown}
 w - 3 scrolls of remove curse
 E - 2 scrolls of immolation {unknown}
 F - a scroll of noise {unknown}
Potions
 d - 4 potions of lignification {!q}
 h - 2 potions of haste
 k - a potion of brilliance
 l - a potion of heal wounds
 n - 2 potions of resistance
 q - 2 potions of curing
 s - a potion of invisibility
 z - a potion of magic
Comestibles
 e - 14 rations


   Skills:
 + Level 4.1 Fighting
 + Level 6.4 Short Blades
 + Level 9.3 Dodging
 + Level 10.0 Stealth
 + Level 8.8 Spellcasting
 + Level 8.5 Hexes
 * Level 3.6 Transmutations
 * Level 8.4 Earth Magic


You had 4 spell levels left.
You knew the following spells:

 Your Spells              Type           Power        Failure   Level  Hunger
a - Sandblast             Erth           ######       1%          1    None
b - Confusing Touch       Hex            ######..     1%          3    None
c - Petrify               Tmut/Erth      #####...     6%          4    ###....
d - Yara's Violent Unrav  Hex/Tmut       ######....   17%         5    #####..
w - Passwall              Tmut/Erth      #####...     1%          2    None
x - Stone Arrow           Conj/Erth      #####.       4%          3    None
z - Lee's Rapid Deconstr  Erth           ######....   7%          5    #####..

Your spell library contained the following spells:

 Spells                   Type           Power        Failure   Level  Hunger
 Corona                   Hex            ######.      1%          1    None
 Animate Skeleton         Necr           N/A          8%          1    None
 Apportation              Tloc           ##....       8%          1    None
 Summon Small Mammal      Summ           ##..         8%          1    None
 Gell's Gravitas          Tloc           ##........   24%         3    None
 Metabolic Englaciation   Hex/Ice        #####.....   36%         5    #####..


Dungeon Overview and Level Annotations

Branches:
Dungeon (9/15)             Temple (1/1) D:5            Lair (2/6) D:9
  Swamp: Lair:2-4    Shoals: Lair:2-4     Snake: Lair:2-4    Spider: Lair:2-4
    Orc: D:9-12

Altars:
Ashenzari
Dithmenos
Elyvilon
Fedhas
Gozag
Hepliaklqana
Kikubaaqudgha
Makhleb
Okawaru
Qazlal
Sif Muna
Uskayaw
Vehumet
Wu Jian
Xom
Yredelemnul
Zin
The Shining One

Annotations:
D:3 Sigmund


Innate Abilities, Weirdness & Mutations

You are very small and have problems with some larger weapons.
You are too small for most types of armour.
You have supernaturally acute eyesight. (SInv)
You are a herbivore.
You cover ground extremely quickly.
You need to consume almost no food.


Message History

You take 1 damage, and have 33/53 hp.
Unknown command.
You hit the spiny frog but do no damage.
You feel sick. The spiny frog barely misses you.
You take 1 damage, and have 32/53 hp.
You hit the spiny frog.
You feel sick. The spiny frog closely misses you.
You take 1 damage, and have 31/53 hp.
You hit the spiny frog but do no damage.
You hit the spiny frog.
You feel sick. The spiny frog stings you!!
* * * LOW HITPOINT WARNING * * *
You are more poisoned.
The spiny frog poisons you!
You take 24 damage, and have 7/53 hp.
MASSIVE DAMAGE!!
* * * LOW HITPOINT WARNING * * *
You feel sick.
You take 1 damage, and have 6/53 hp.
You feel better. The spiny frog stings you!
You die...
Your body crumbles into a pile of gold.

........................ #
.............$....$.#### ##
#. ##.###..........$...##.##
##. #.# #
#.......######....#.###.##.##
##.......$...#..##.#$##$r$rrr
#.......$......###$#.r###...
#..........$...# ###### ..#
#..............###### ##.
#........PF@......... #
#....................
#..<.................
#...........#........
######..........##........
..........................
..........................
..........................
..........########.#......


You could see a spiny frog.

Levels and vault maps discovered:
D:1:      onia_arrival_pentagram, layout_rooms
D:2:      layout_loops_cross
D:3:      layout_loops_ring, first_ration, uniq_jessica, uniq_robin,
          uniq_sigmund
D:4:      layout_loops_corners, serial_bayou, serial_bayou_lake_a,
          serial_bayou_lagoon_b, serial_bayou_pond_b, serial_bayou_shore_b,
          st_stairs_7
D:5:      layout_loops_ring, lemuel_doored_altar,
          nicolae_overflow_hidden_temple, minmay_temple_entry_statues_fountains
D:6:      layout_rooms, palyth_temple_overflow_mages, old_standard_altar,
          marbit_many_paths, serial_undead, serial_undead_e, serial_undead_b,
          serial_undead_a, serial_undead_e
D:7:      layout_rooms, kennysheep_mini_moat, zin_scriptorium, uniq_maggie,
          uniq_harold
D:8:      layout_basic
D:9:      layout_roguey, dpeg_oklobed_lair, basic_altar, minmay_puff,
          uniq_maurice
Temple:   nicolae_temple_hex_pool
Lair:1:   lemuel_ratsnest, layout_regular_city, grunt_megastairs_2,
          lemuel_fruit_tree
Lair:2:   layout_roguey, shoals_dummy_entry

Notes
Turn   | Place    | Note
-------+----------+-------------------------------------------
     0 | D:1      | lepoulpe303 the Spriggan Earth Elementalist began the quest
                  | for the Orb.
     0 | D:1      | Reached XP level 1. HP: 9/9 MP: 5/5
   114 | D:1      | Identified a +1 short sword of freezing
   132 | D:1      | Reached skill level 3 in Spellcasting
   142 | D:1      | Reached XP level 2. HP: 10/13 MP: 7/7
   243 | D:1      | Identified a +0 dagger
   290 | D:1      | HP: 1/13 [hobgoblin (5)]
   295 | D:1      | Reached skill level 3 in Earth Magic
   347 | D:1      | HP: 1/13 [rat (2)]
   828 | D:1      | Identified a +0 club
   896 | D:1      | Reached XP level 3. HP: 14/16 MP: 8/8
   906 | D:1      | Learned a level 2 spell: Passwall
   910 | D:1      | Learned a level 3 spell: Stone Arrow
   946 | D:1      | Identified a +0 whip
  1016 | D:2      | Identified a +0 club
  1034 | D:2      | HP: 2/16 [quokka (3)]
  1456 | D:2      | HP: 4/16 [quokka (4)]
  1710 | D:2      | Identified a +0 dagger
  1954 | D:2      | Identified a +0 dagger
  2217 | D:2      | Reached XP level 4. HP: 21/21 MP: 10/10
  2223 | D:2      | Learned a level 4 spell: Petrify
  2230 | D:2      | Reached skill level 1 in Short Blades
  2238 | D:2      | Identified a +0 dagger
  2375 | D:3      | Identified a +2 robe of the Archmagi
  2375 | D:3      | Noticed Jessica
  2386 | D:3      | Killed Jessica
  2386 | D:3      | Reached skill level 4 in Stealth
  2386 | D:3      | Reached skill level 4 in Spellcasting
  2425 | D:3      | Identified a +0 short sword
  2448 | D:3      | Identified 2 scrolls of fog
  2449 | D:3      | Identified 2 scrolls of remove curse
  2450 | D:3      | Identified a ring of stealth (You found it on level 3 of
                  | the Dungeon)
  2451 | D:3      | Identified a ring of attention (You found it on level 2 of
                  | the Dungeon)
  2490 | D:3      | Identified a +0 club
  2490 | D:3      | Identified a +0 ring mail
  2490 | D:3      | Identified a +0 short sword
  2490 | D:3      | Identified a +0 leather armour
  2490 | D:3      | Identified a +0 dagger
  2490 | D:3      | Identified a +0 robe
  2525 | D:3      | Identified a +0 dagger
  2525 | D:3      | Identified a +1 robe of positive energy
  2540 | D:3      | Reached XP level 5. HP: 24/24 MP: 5/12
  2587 | D:3      | Identified a +0 scale mail
  2941 | D:3      | Identified a +0 morningstar
  2941 | D:3      | Identified a +0 short sword
  2946 | D:3      | Reached skill level 4 in Dodging
  2948 | D:3      | Identified a +1 scythe of freezing
  2948 | D:3      | Identified a +0 robe
  2948 | D:3      | Noticed Sigmund
  3015 | D:3      | Identified a +0 short sword
  3128 | D:3      | Identified a +0 club
  3128 | D:3      | Identified a +0 animal skin
  3128 | D:3      | Identified a +0 helmet
  3128 | D:3      | Noticed Robin
  3128 | D:3      | Identified a cursed -1 club
  3129 | D:3      | Identified a +0 dagger
  3130 | D:3      | Identified a +0 club
  3130 | D:3      | Identified a +0 club
  3130 | D:3      | Identified a +0 club
  3132 | D:3      | Identified a +0 dagger
  3373 | D:3      | Identified a ring of see invisible (You found it on level 3
                  | of the Dungeon)
  3767 | D:3      | Killed Robin
  3925 | D:4      | Reached skill level 2 in Short Blades
  3925 | D:4      | Reached skill level 4 in Earth Magic
  3925 | D:4      | Reached XP level 6. HP: 27/28 MP: 11/14
  4199 | D:4      | Identified a cursed +0 mace
  4199 | D:4      | Identified a +0 whip
  4213 | D:4      | Reached skill level 5 in Stealth
  4213 | D:4      | Reached skill level 5 in Spellcasting
  4322 | D:4      | Identified a +0 flail
  4322 | D:4      | Identified a +0 scale mail
  4324 | D:4      | Identified a cursed -3 club
  4326 | D:4      | Identified a +0 flail
  4326 | D:4      | Identified a +0 leather armour
  4326 | D:4      | Identified a +0 short sword
  4327 | D:4      | Identified a +0 dagger
  4327 | D:4      | Identified a +0 robe
  4838 | D:4      | Reached XP level 7. HP: 32/32 MP: 14/16
  4845 | D:4      | Learned a level 5 spell: Lee's Rapid Deconstruction
  5337 | D:5      | Entered Level 5 of the Dungeon
  5337 | D:5      | Found a staircase to the Ecumenical Temple.
  5338 | D:5      | lepoulpe303: !whichgod spee
  5338 | D:5      | meem: 9 recent wins for spee: 3x Gozag, 3x Zin,
                  | Cheibriados, Dithmenos, Makhleb
  5346 | Temple   | Entered the Ecumenical Temple
  5380 | Temple   | Became a worshipper of Gozag Ym Sagoz the Greedy
  5516 | D:5      | Identified a +0 whip
  5582 | D:5      | Reached skill level 5 in Dodging
  5963 | D:5      | Identified a cursed -2 dagger
  5963 | D:5      | Identified a +0 robe
  5963 | D:5      | Identified a +0 chain mail
  5963 | D:5      | Identified a +1 vorpal hand axe
  5963 | D:5      | Identified a +0 scale mail
  6010 | D:5      | Identified a +0 dagger
  6010 | D:5      | Identified a +0 robe
  6025 | D:5      | Reached skill level 3 in Short Blades
  6026 | D:5      | Identified a +0 hand axe
  6092 | D:5      | Identified a +0 shortbow
  6098 | D:5      | Reached skill level 6 in Stealth
  6098 | D:5      | Reached skill level 6 in Spellcasting
  6277 | D:5      | Learned a level 3 spell: Confusing Touch
  6293 | D:5      | Reached skill level 5 in Earth Magic
  6554 | D:5      | Reached skill level 1 in Hexes
  6638 | D:5      | Identified a +0 flail
  6638 | D:5      | Identified a +0 whip
  6638 | D:5      | Identified a +0 scale mail
  6653 | D:5      | Identified 5 scrolls of identify
  6653 | D:5      | Identified 3 potions of berserk rage
  6654 | D:5      | Identified 2 potions of heal wounds
  6655 | D:5      | Identified 2 potions of resistance
  6662 | D:5      | Identified a +2 mace of holy wrath
  6663 | D:5      | Identified a +0 flail
  6663 | D:5      | Identified a +0 chain mail
  6694 | D:5      | Identified a +0 dagger
  6694 | D:5      | Identified a +0 robe
  6713 | D:5      | Identified a +0 shortbow
  6717 | D:5      | HP: 6/32 [centaur/arrow (6)]
  6990 | D:5      | Identified a +0 shortbow
  6997 | D:5      | Reached XP level 8. HP: 37/37 MP: 15/18
  7001 | D:5      | Reached skill level 2 in Hexes
  7003 | D:5      | Found a blossoming altar of Fedhas.
  7011 | D:5      | Identified a ring of strength (You found it on level 5 of
                  | the Dungeon)
  7134 | D:5      | Reached skill level 1 in Fighting
  7142 | D:5      | Identified a potion of lignification
  7392 | D:5      | Identified a cursed -3 spear
  7397 | D:5      | Identified a +0 spear
  7400 | D:5      | Reached skill level 6 in Dodging
  7400 | D:5      | Identified a +0 halberd of protection
  7702 | D:6      | Identified a +0 giant club
  7875 | D:6      | Reached skill level 3 in Hexes
  7924 | D:6      | Identified a +0 whip
  7924 | D:6      | Identified a cursed +0 ring mail
  7924 | D:6      | Identified a +0 mace
  7926 | D:6      | Found a shimmering altar of Xom.
  7926 | D:6      | Identified a +0 hand axe
  7926 | D:6      | Identified a +0 ring mail
  7927 | D:6      | Identified a +0 falchion
  8057 | D:6      | Identified a +2 short sword of venom
  8065 | D:6      | Identified a +0 falchion
  8069 | D:5      | Found a stormy altar of Qazlal.
  8069 | D:5      | Found a hide-covered altar of Uskayaw.
  8078 | D:5      | Identified 3 scrolls of teleportation
  8201 | D:6      | Reached skill level 4 in Short Blades
  8310 | D:6      | Identified a +0 giant club
  8339 | D:5      | HP: 9/37 [poisoned by an orc]
  8628 | D:6      | Found a shimmering blue altar of Sif Muna.
  8628 | D:6      | Identified a +0 dagger
  8628 | D:6      | Identified a +0 robe
  8639 | D:6      | Found an ancient bone altar of Kikubaaqudgha.
  8639 | D:6      | Identified a +0 dagger
  8639 | D:6      | Identified a +0 robe
  8642 | D:6      | Reached skill level 7 in Stealth
  8650 | D:6      | Found a radiant altar of Vehumet.
  8650 | D:6      | Identified a +0 dagger
  8650 | D:6      | Identified a +0 robe
  8725 | D:6      | Reached skill level 4 in Hexes
  8766 | D:6      | Identified a +0 shortbow
  8801 | D:6      | Reached skill level 6 in Earth Magic
  8814 | D:6      | Reached XP level 9. HP: 14/42 MP: 18/20
  9106 | D:6      | Identified a +0 whip
  9132 | D:6      | Identified 2 scrolls of amnesia
  9146 | D:6      | Found a white marble altar of Elyvilon.
  9177 | D:6      | Reached skill level 2 in Fighting
  9177 | D:6      | Reached skill level 7 in Spellcasting
  9426 | D:7      | Identified a +0 short sword
  9429 | D:7      | Identified a +0 dagger
  9429 | D:7      | Identified a +0 robe
  9430 | D:7      | Identified a +0 whip
  9430 | D:7      | Identified a +0 leather armour
  9433 | D:7      | Identified a +0 club
  9435 | D:7      | Identified a +0 short sword
  9582 | D:7      | Reached skill level 7 in Dodging
  9634 | D:7      | Identified a +0 long sword
  9634 | D:7      | Identified +0 steam dragon scales
  9634 | D:7      | Noticed Maggie
  9648 | D:7      | Killed Maggie
  9648 | D:7      | Reached skill level 5 in Hexes
  9905 | D:7      | Identified a +2 mace of holy wrath
  9905 | D:7      | Identified a +4 scale mail of cold resistance
  9905 | D:7      | Noticed Harold
  9905 | D:7      | Identified a +5 mace
  9905 | D:7      | Identified a +0 robe
  9912 | D:7      | Identified a +2 long sword of freezing
  9912 | D:7      | Identified a +0 robe
  9912 | D:7      | Identified a +1 hand axe
  9912 | D:7      | Identified a +0 robe
  9951 | D:7      | Identified a +0 shortbow
  9967 | D:7      | Found a glowing silver altar of Zin.
 10003 | D:7      | Identified a potion of brilliance
 10004 | D:7      | Identified a potion of magic
 10005 | D:7      | Identified a potion of invisibility
 10013 | D:7      | Reached skill level 8 in Stealth
 10113 | D:7      | Found a glowing golden altar of the Shining One.
 10126 | D:7      | Killed Harold
 10126 | D:7      | Reached skill level 5 in Short Blades
 10126 | D:7      | Reached skill level 6 in Hexes
 10126 | D:7      | Reached skill level 7 in Earth Magic
 10130 | D:7      | Reached XP level 10. HP: 38/48 MP: 11/22
 10367 | D:8      | Identified a +0 dagger
 10367 | D:8      | Identified a +0 robe
 10367 | D:8      | Identified a +0 club
 10367 | D:8      | Identified a +0 dagger
 10367 | D:8      | Identified a +0 robe
 10367 | D:8      | Identified a +2 trident of protection
 10367 | D:8      | Identified a +0 leather armour
 10376 | D:7      | Reached skill level 3 in Fighting
 10580 | D:8      | Identified a potion of haste
 10665 | D:8      | Identified a +0 shortbow
 10772 | D:8      | Reached skill level 8 in Dodging
 10778 | D:8      | Identified a +0 war axe
 11295 | D:9      | Reached skill level 8 in Spellcasting
 11308 | D:9      | Identified a +0 giant spiked club
 11312 | D:9      | Reached skill level 7 in Hexes
 11313 | D:9      | Found a staircase to the Lair.
 11412 | D:9      | Identified a +0 giant spiked club
 11422 | D:9      | Reached skill level 9 in Stealth
 11513 | D:9      | Identified a cursed -3 dagger
 11513 | D:9      | Identified a +0 robe
 11514 | D:9      | Identified a +0 scimitar
 11514 | D:9      | Identified a +0 plate armour
 11727 | D:9      | Identified a +0 giant club
 11730 | D:9      | Identified a +0 dagger
 11730 | D:9      | Identified a +0 cloak
 11730 | D:9      | Noticed Maurice
 11736 | D:9      | Killed Maurice
 11892 | D:9      | Identified a +0 dagger
 11892 | D:9      | Identified a +0 robe
 11892 | D:9      | Identified a +0 dagger
 11892 | D:9      | Identified a +0 flail
 11892 | D:9      | Identified a +0 dagger of protection
 11892 | D:9      | Identified a +0 club
 11892 | D:9      | Identified a +0 ring mail
 11893 | D:9      | Found a basalt altar of Yredelemnul.
 12052 | D:9      | Identified a +0 hand axe
 12052 | D:9      | Identified a +0 ring mail
 12053 | D:9      | Identified a +0 dagger
 12053 | D:9      | Identified a +0 robe
 12053 | D:9      | Identified a +0 dagger
 12053 | D:9      | Identified a +0 robe
 12252 | Lair:1   | Entered Level 1 of the Lair of Beasts
 12264 | Lair:1   | Reached skill level 6 in Short Blades
 12264 | Lair:1   | Reached skill level 8 in Hexes
 12347 | D:9      | Reached skill level 8 in Earth Magic
 12493 | Lair:1   | Noticed a spiny frog
 12590 | Lair:1   | You fall into a shaft and drop 1 floor!
 12594 | Lair:2   | Noticed a black mamba
 12631 | Lair:2   | Reached XP level 11. HP: 37/53 MP: 20/24
 12660 | Lair:2   | Learned a level 5 spell: Yara's Violent Unravelling
 12744 | Lair:2   | Reached skill level 9 in Dodging
 12782 | Lair:2   | Identified 2 potions of curing
 12922 | Lair:1   | Reached skill level 2 in Transmutations
 12931 | Lair:1   | Reached skill level 4 in Fighting
 12949 | Lair:1   | HP: 4/53 [blink frog (16)]
 13211 | Lair:1   | Reached skill level 3 in Transmutations
 13295 | Lair:1   | Reached skill level 10 in Stealth
 13567 | Lair:1   | HP: 7/53 [spiny frog (24)]
 13569 | Lair:1   | Slain by a spiny frog

Table legend:
 A = Turns spent in this place as a percentage of turns spent in the entire game.
 B = Non-inter-level travel turns spent in this place as a percentage of non-inter-level travel turns spent in the entire game.
 C = Inter-level travel turns spent in this place as a percentage of turns spent in this place.
 D = Turns resting spent in this place as a percentage of non-inter-level travel turns spent in this place.
 E = Turns spent auto-exploring this place as a percentage of non-inter-level travel turns spent in this place.
 F = Non-inter-level travel turns spent in this place divided by the number of levels of this place that you've seen.
                   A       B       C       D       E      F
               +-------+-------+-------+-------+-------+----------------------
         Total | 100.0 | 100.0 |   3.5 |  35.3 |  36.8 | 1090.8
       Dungeon |  91.7 |  91.6 |   3.6 |  36.4 |  37.4 | 1332.4
        Temple |   0.5 |   0.3 |  44.6 |   0.0 |  77.8 |  36.0
          Lair |   7.8 |   8.1 |   0.0 |  23.7 |  28.7 | 531.0
               +-------+-------+-------+-------+-------+----------------------

Table legend:
 A = Kills in this place as a percentage of kills in entire the game.
 B = Kills by you in this place as a percentage of kills by you in the entire game.
 C = Kills by friends in this place as a percentage of kills by friends in the entire game.
 D = Other kills in this place as a percentage of other kills in the entire game.
 E = Experience gained in this place as a percentage of experience gained in the entire game.
 F = Experience gained in this place divided by the number of levels of this place that you have seen.
                   A       B       C       D       E      F
               +-------+-------+-------+-------+-------+----------------------
         Total | 100.0 | 100.0 |   N/A | 100.0 | 100.0 | 1196.7
       Dungeon |  86.4 |  86.3 |   N/A | 100.0 |  68.8 | 1097.4
          Lair |  13.6 |  13.7 |   N/A |   0.0 |  31.2 | 2241.5
               +-------+-------+-------+-------+-------+----------------------

Skill      XL: |  1  2  3  4  5  6  7  8  9 10 11 |
---------------+----------------------------------+-----
Spellcasting   | 3 4 5 6 7 8 |  8.8
Earth Magic    | 3 4 5 6 7 8 |  8.4
Short Blades   | 1 2 3 4 5 6 |  6.4
Stealth        | 4 5 6 7 8 9 10 | 10.0
Dodging        | 4 5 6 7 8 9 |  9.3
Hexes          | 1 4 6 8 |  8.5
Fighting       | 1 2 3 4 |  4.1
Transmutations | 3 |  3.6

Action                   |  1- 3 |  4- 6 |  7- 9 | 10-12 || total
-------------------------+-------+-------+-------+-------++-------
Melee: Short sword       |   116 |   119 |   405 |   286 ||   926
 Cast: Sandblast         |    16 |    36 |    55 |    54 ||   161
       Passwall          |       |     1 |       |       ||     1
       Stone Arrow       |       |       |    15 |    23 ||    38
       Confusing Touch   |       |       |     3 |     4 ||     7
Evoke: Wand              |       |       |     1 |       ||     1
  Use: Scroll            |       |     3 |     9 |     2 ||    14
       Potion            |       |       |       |     2 ||     2
 Stab: Sleeping          |     4 |    13 |    19 |    22 ||    58
       Distracted        |       |       |     3 |     5 ||     8
       Confused          |       |       |     3 |     3 ||     6
  Eat: Ration            |       |     1 |     3 |     2 ||     6
Armor: Robe              |     6 |    11 |    30 |    15 ||    62
Dodge: Dodged            |    97 |    92 |   349 |   183 ||   721

Vanquished Creatures
  Harold (D:7)
  Maurice (D:9)
  A black mamba (Lair:2)
  A spiny frog (Lair:1)
  Maggie (D:7)
  3 komodo dragons
  A troll (D:9)
  5 blink frogs (Lair:1)
  2 hippogriffs
  A wyvern (D:9)
  A yak (D:9)
  A steam dragon (D:8)
  A water moccasin (Lair:2)
  3 porcupines (Lair:1)
  An orc warrior (D:9)
  2 black bears (D:7)
  5 ogres
  2 ice beasts (D:9)
  4 sky beasts
  6 centaurs
  2 crocodiles
  3 bullfrogs
  3 scorpions
  5 killer bees (D:8)
  3 wights (D:7)
  7 howler monkeys
  5 crimson imps
  A bullfrog zombie (D:6)
  3 centaur zombies
  6 hounds
  2 jellies
  6 orc priests
  3 bullfrog skeletons
  16 orc wizards
  4 centaur skeletons
  Jessica (D:3)
  3 iguanas
  4 hell rats (Lair:1)
  8 worker ants
  A killer bee zombie (D:6)
  A hound skeleton (D:7)
  A worker ant zombie (D:7)
  Robin (D:3)
  A howler monkey skeleton (D:7)
  12 adders
  4 gnolls (D:5)
  10 river rats (Lair:1)
  A shadow imp (D:5)
  An adder zombie (D:8)
  An adder skeleton (D:9)
  2 worms
  A dart slug (D:2)
  5 leopard geckos
  39 orcs
  A ball python (D:1)
  2 giant cockroaches (D:1)
  15 goblins
  10 hobgoblins
  10 jackals
  8 kobolds
  7 quokkas
  7 bats
  4 frilled lizards
  A jackal skeleton (D:5)
  3 leopard gecko skeletons
  2 quokka zombies
  15 rats
  A fungus (D:9)
295 creatures vanquished.

Vanquished Creatures (others)
  A plant (D:9)
  A withered plant (D:6)
2 creatures vanquished.

Grand Total: 297 creatures vanquished
